 Dungeon Crawl Stone Soup version 0.14-a0-3295-g3fd807f (webtiles) character file.

100 Froboctopus the Grave Robber (level 4, 0/30 HPs)
             Began as a Mummy Necromancer on Mar 14, 2014.
             Was an Initiate of Kikubaaqudgha.
             Hit by a dart thrown by a hobgoblin (3 damage)
             ... on Level 2 of the Dungeon.
             The game lasted 00:03:04 (1535 turns).

Froboctopus the Grave Robber (Mummy Necromancer)    Turns: 1535, Time: 00:03:04

HP   0/30        AC  3     Str 11      XL: 4   Next: 12%
MP   7/9         EV 12     Int 15      God: Kikubaaqudgha [......]
Gold 24          SH  0     Dex 12      Spells:  3 memorised,  0 levels left

rFire  x . .     SeeInvis .     d - +0 short sword
rCold  + . .     Clarity  .     a - +0 robe
rNeg   + + +     Conserve .     (no shield)
rPois  +         rCorr    .     (no helmet)
rElec  .         rRot     +     f - +0 cloak
SustAb . .       Spirit   .     (no gloves)
rMut   .         Warding  .     (no boots)
Saprov . . .     Stasis   .     (no amulet)
MR     .....                    (no ring)
                                (no ring)

@: slowed, very slow, not resistant to hostile enchantments, unstealthy
A: no food or potions, fire vulnerability, restore body, cold resistance 1, life
protection 3, poison resistance, torment resistance, unbreathing
a: Renounce Religion


You were on level 2 of the Dungeon.
You worshipped Kikubaaqudgha.
Kikubaaqudgha was noncommittal.
You were not hungry.

You visited 1 branch of the dungeon, and saw 2 of its levels.

You collected 24 gold pieces.

Inventory:

Hand weapons
 d - a +0,+0 short sword (weapon)
Armour
 a - a +0 robe (worn)
 f - a +0 cloak (worn)
Scrolls
 c - a scroll of enchant weapon I {unknown}
 e - a scroll of amnesia {unknown}
Books
 b - a book of Necromancy

   Spells                             Type                      Level
   *Pain                              Necromancy                   1
   Animate Skeleton                   Necromancy                   1
   Lethal Infusion                    Charms/Necromancy            2
   Vampiric Draining                  Necromancy                   3
   Regeneration                       Charms/Necromancy            3
   *Animate Dead                      Necromancy                   4
   *Control Undead                    Necromancy                   4


   Skills:
 - Level 1.5 Dodging
 - Level 1.5 Stealth
 + Level 3.3 Spellcasting
 * Level 4.8 Necromancy


You couldn't memorise any spells.
You knew the following spells:

 Your Spells              Type           Power        Failure   Level  Hunger
a - Pain                  Necr           ###.         2%          1    N/A
b - Control Undead        Necr           ###.......   28%         4    N/A
c - Animate Dead          Necr           N/A          28%         4    N/A

Dungeon Overview and Level Annotations

Branches:
Dungeon (2/15)

Altars:
Kikubaaqudgha
Okawaru
Trog

Annotations:
D:2 Sigmund


Innate Abilities, Weirdness & Mutations

You do not eat or drink.
Your flesh is vulnerable to fire.
Your flesh is cold resistant.
You are immune to negative energy.
Your system is resistant to poisons.
You are immune to unholy pain and torment.
You can survive without breathing.


Message History

A giant cockroach comes into view.
The giant cockroach bites you but does no damage.
The giant cockroach bites you.
* * * LOW HITPOINT WARNING * * *
Casting: Animate Dead
Confirm with . or Enter, or press ? or * to list all spells.
Aiming: Pain
Press: ? - help, Shift-Dir - straight line, f - giant cockroach
Aim: a giant cockroach (clinging)
The giant cockroach convulses in agony!
You kill the giant cockroach!
Kikubaaqudgha accepts your kill.
The hobgoblin zaps a wand.
You feel yourself slow down.
The hobgoblin zaps a wand.
You easily resist.
The hobgoblin zaps a wand.
You feel as though you will be slow longer.
The hobgoblin zaps a wand.
You easily resist.
The hobgoblin zaps a wand.
You easily resist.
The hobgoblin throws a dart.
The dart hits you!
You die...
Kikubaaqudgha rasps: "You have failed me!
Welcome... oblivion!"

. # .. .. .... . .. .....
.##### ...... .....#
....... .....# .......
.....# .......
.....############....####
.....%..g.......@........
.############.#.#.......#
...........##.#.####....
#..........##.#.# ... ..
. #........).##.#.# .
.... #.............#'##
#.... .................#
.....
............%....#####
.....
.......................
....


You could see a hobgoblin.

Vanquished Creatures
  4 adders (D:2)
  A giant gecko (D:1)
  2 oozes
  3 bats
  4 giant cockroaches
  7 hobgoblins
  2 jackals (D:2)
  5 kobolds
  A ball python (D:1)
  3 giant newts (D:1)
  A goblin (D:1)
  4 rats
37 creatures vanquished.

Notes
Turn   | Place    | Note
--------------------------------------------------------------
     0 | D:1      | Froboctopus, the Mummy Necromancer, began the quest for the Orb.
     0 | D:1      | Reached XP level 1. HP: 13/13 MP: 3/3
   222 | D:1      | Reached XP level 2. HP: 5/19 MP: 0/5
   984 | D:2      | Found a bloodstained altar of Trog.
   985 | D:2      | Found an iron altar of Okawaru.
  1021 | D:2      | Reached XP level 3. HP: 24/24 MP: 0/7
  1426 | D:2      | Found an ancient bone altar of Kikubaaqudgha.
  1434 | D:2      | Became a worshipper of Kikubaaqudgha
  1467 | D:2      | Reached XP level 4. HP: 30/30 MP: 4/9
  1473 | D:2      | Learned a level 4 spell: Control Undead
  1478 | D:2      | Learned a level 4 spell: Animate Dead
  1479 | D:2      | Noticed Sigmund
  1507 | D:2      | HP: 1/30 [something/puff of flame (16)]
  1521 | D:2      | HP: 1/30 [giant cockroach (1)]
  1535 | D:2      | Hit by a dart thrown by a hobgoblin

Action                   |  1- 3 |  4- 6 || total
-------------------------+-------+-------++-------
Melee: Unarmed           |     6 |       ||     6
       Club              |     3 |       ||     3
       Short sword       |    34 |       ||    34
 Cast: Pain              |    59 |     2 ||    61
       Animate Dead      |       |     1 ||     1
